 Dungeon Crawl Stone Soup version 0.29.1-1-gd02db6906a (webtiles) character file.

Game seed: 1084488445725397122

7 Icepheonix32 the Caller (level 2, -1/19 HPs)
             Began as a Merfolk Summoner on Oct 10, 2022.
             Killed from afar by a dart slug (4 damage)
             ... with a slug dart
             ... on level 1 of the Dungeon.
             The game lasted 00:00:59 (257 turns).

Icepheonix32 the Caller (Merfolk Summoner)           Turns: 257, Time: 00:00:59

Health: -1/19      AC:  2    Str:  8    XL:     2   Next: 0%
Magic:  2/5        EV: 12    Int: 14    God:
Gold:   24         SH:  0    Dex: 14    Spells: 4/5 levels left

rFire   . . .      SeeInvis .   c - +0 dagger
rCold   . . .      Faith    .   (no shield)
rNeg    . . .      Spirit   .   a - +0 robe
rPois   .          Reflect  .   (no helmet)
rElec   .          Harm     .   (no cloak)
rCorr   .          Rampage  .   (no gloves)
Will    .....                   (no boots)
Stlth   ++........              (no amulet)
HPRegen 0.06/turn               (no ring)
MPRegen 0.09/turn               (no ring)

@: no status effects
A: (nimble swimmer 2), mertail
a: no special abilities


You were on level 1 of the Dungeon.
You visited 1 branch of the dungeon, and saw 1 of its levels.

You collected 24 gold pieces.

Inventory:

Hand Weapons
 c - a +0 dagger (weapon)
Armour
 a - a +0 robe (worn)
Potions
 b - a potion of magic


   Skills:
 + Level 2.7 Dodging
 + Level 2.2 Stealth
 + Level 2.0 Spellcasting
 + Level 4.3 Summonings


You had 4 spell levels left.
You knew the following spells:

 Your Spells              Type           Power      Damage    Failure   Level
a - Summon Small Mammal   Summ           52%        N/A       4%          1

Your spell library contained the following spells:

 Spells                   Type           Power      Damage    Failure   Level
 Call Imp                 Summ           13%        N/A       6%          2
 Call Canine Familiar     Summ           13%        N/A       12%         3
 Summon Guardian Golem    Hex/Summ       7%         N/A       28%         3
 Summon Lightning Spire   Summ/Air       7%         N/A       67%         4


Dungeon Overview and Level Annotations

Branches:
Dungeon (1/15)

Altars:


Innate Abilities, Weirdness & Mutations

((You are very nimble when in or above water. (Stealth+, EV+, Speed+++)))
Your lower body shifts to a powerful aquatic tail in water.


Message History

The dart slug is moderately wounded.
Your bat completely misses the dart slug.
You hit the dart slug.
The dart slug is heavily wounded.
The endoplasm completely misses your bat.
The dart slug launches a dart at you. The slug dart misses you.
The slug dart hits the plant.
The plant begins to die.
Your bat hits the dart slug but does no damage.
You hit the dart slug.
The dart slug is severely wounded.
Your bat hits the dart slug but does no damage.
Your bat barely misses the dart slug.
The endoplasm misses your bat. The dart slug launches a dart at you.
The slug dart hits you.
Your bat hits the dart slug but does no damage.
You hit the dart slug.
The dart slug is severely wounded.
Your bat hits the dart slug but does no damage.
You completely miss the dart slug.
The dart slug is severely wounded.
Your bat completely misses the dart slug.
The dart slug launches a dart at you. The slug dart hits you.
* * * LOW HITPOINT WARNING * * *
Unknown command.
A nearby plant withers and dies.
Your bat hits the endoplasm but does no damage.
Casting: Summon Small Mammal (safe; 4% risk of failure)
Confirm with . or Enter, or press ? or * to list all spells.
Your bat hits the endoplasm. The endoplasm freezes your bat.
Your bat is frozen.
Your bat dies!
Your bat's corpse disappears in a puff of smoke!
The endoplasm quivers.
The endoplasm attacks as you move away! The endoplasm barely misses you.
The dart slug launches a dart at you. The slug dart hits you.
You die...

##...P.#.......
#####P#...♣.........
##P.'.♣#.♣....#...g
#P♣.#P.#.P♣.....# #### .
#P..####.......###...#..
#P..P#.P................
#♣...'......P...........
#P<..'...♣.♣.r##w.....>....
#♣...#...P...(@.J§.....#....
♣..####.......#...........#
#PP.# #.......#.......##..#
##P.+ #.♣...........>.##..#
####
#...♣.###...........####
#P.P♣.####.......##.##..
#P...###......#####.....
##...............)...##.
#♣..#.#.#########..## .


You could see a dart slug, an endoplasm (ally target) and a friendly rat
(summoned).

Vanquished Creatures (collateral kills)
  A dart slug (D:1)
  2 hobgoblins (D:1)
  A goblin (D:1)
  A kobold (D:1)
5 creatures vanquished.

Vanquished Creatures (others)
  A plant (D:1)
1 creature vanquished.

Grand Total: 6 creatures vanquished

Notes
Turn   | Place    | Note
-------+----------+-------------------------------------------
     0 | D:1      | Icepheonix32 the Merfolk Summoner began the quest for the
                  | Orb.
     0 | D:1      | Reached XP level 1. HP: 13/13 MP: 3/3
   208 | D:1      | Reached XP level 2. HP: 7/19 MP: 0/5
   257 | D:1      | Killed from afar by a dart slug

Illustrated notes

Levels and vault maps discovered:
D:1:      denvon_arrival_planthouse, layout_rooms, minmay_tromino_v7

Action                   || total
-------------------------++-------
Melee: Unarmed           ||     3
       Dagger            ||     5
 Cast: Summon Small Mamm ||    12
Armor: Robe              ||     2
Dodge: Dodged            ||    15
